 Dungeon Crawl Stone Soup version 0.18-a0-987-g0b0e4e7 (webtiles) character file.

43 Jmtri7 the Grave Robber (level 3, -4/19 HPs)
             Began as a Deep Elf Necromancer on Jan 3, 2016.
             Slain by an ogre
             ... wielding a +0 giant spiked club
              (6 damage)
             ... on level 3 of the Dungeon.
             The game lasted 00:04:30 (866 turns).

Jmtri7 the Grave Robber (Deep Elf Necromancer)       Turns: 866, Time: 00:04:30

Health: -4/19      AC:  3    Str:  5    XL:     3   Next: 37%
Magic:  0/10       EV: 13    Int: 20    God:
Gold:   41         SH:  0    Dex: 15    Spells: 1 memorised, 8 levels left

rFire  . . .     SeeInvis .     (no weapon)
rCold  . . .     Gourm    .     a - +0 robe
rNeg   . . .     Faith    .     (no shield)
rPois  .         Spirit   +     (no helmet)
rElec  .         Dismiss  .     e - +0 cloak
rCorr  .         Reflect  .     (no gloves)
SustAt .         Harm     .     (no boots)
MR     .....                    k - amulet of guardian spirit
Stlth  ++........               (no ring)
                                (no ring)

@: not resistant to hostile enchantments, unstealthy
A: no striking features
a: no special abilities


You were on level 3 of the Dungeon.
You were not hungry.

You visited 1 branch of the dungeon, and saw 4 of its levels.

You collected 41 gold pieces.

Inventory:

Armour
 a - a +0 robe (worn)
 e - a +0 cloak (worn)
Jewellery
 k - an amulet of guardian spirit (around neck)
Scrolls
 i - a scroll of recharging {unknown}
 j - 2 scrolls of amnesia
Potions
 d - 2 potions of curing {unknown}
 g - a potion of flight {unknown}
 l - a potion of magic {unknown}
 m - a potion of degeneration {unknown}
Books
 b - a book of Necromancy

   Spells                             Type                      Level
   a - Pain                           Necromancy                   1
   b - Animate Skeleton               Necromancy                   1
   c - Vampiric Draining              Necromancy                   3
   d - Regeneration                   Charms/Necromancy            3
   e - Animate Dead                   Necromancy                   4
   f - Control Undead                 Necromancy                   4
Comestibles
 c - a bread ration
 f - a meat ration
 h - a slice of pizza
 n - 2 fruits


   Skills:
 + Level 2.8 Dodging
 + Level 2.5 Stealth
 + Level 3.5 Spellcasting
 + Level 5.8 Necromancy


You had 8 spell levels left.
You knew the following spells:

 Your Spells              Type           Power        Failure   Level  Hunger
a - Pain                  Necr           ####         1%          1    None


Dungeon Overview and Level Annotations

Branches:
Dungeon (4/15)
 Temple: D:4-7

Altars:
Elyvilon

Annotations:
D:3 Grinder
D:4 Menkaure


Message History

A giant gecko comes into view.
Your magical contamination has completely faded away.
Found 8 gold pieces and a scroll labeled BEXOPH HUHAN.
The giant gecko closely misses you.
A kobold comes into view. It is wielding an enchanted dagger.
The kobold shouts!
The giant gecko bites you.
* * * LOW HITPOINT WARNING * * *
Grinder comes into view.
Found 17 arrows.
The giant gecko misses you. The giant gecko barely misses you.
The giant gecko bites you.
* * * LOW HITPOINT WARNING * * *
Press: ? - help, v - describe, . - travel The floor.
Unknown command.
The giant gecko misses you.
The ogre hits you with a giant spiked club!
You die...

############ ############
#........... #.......(..#
#...........
#..........#########...........
#..................#......<..##
#..................#.....).)(..
#............l@....#.........#.
#............O...............#.
#......)...........#.........##
#########.#.............#####..
#...K........#....###.#
##..#######.##.....#..#
##...###............##
##########................###
#....................###.....


You could see an ogre, a giant gecko and a kobold.

Vanquished Creatures
  Ijyb (D:2)
  An ooze (D:2)
  2 giant geckos
  A bat (D:1)
  2 goblins
  A hobgoblin (D:2)
  2 kobolds
  A giant newt (D:4)
11 creatures vanquished.

Notes
Turn   | Place    | Note
--------------------------------------------------------------
     0 | D:1      | Jmtri7 the Deep Elf Necromancer began the quest for the Orb.
     0 | D:1      | Reached XP level 1. HP: 10/10 MP: 6/6
    23 | D:1      | Reached skill level 5 in Necromancy
   194 | D:2      | Reached XP level 2. HP: 6/15 MP: 0/8
   268 | D:2      | Noticed Ijyb
   283 | D:2      | Killed Ijyb
   283 | D:2      | Reached XP level 3. HP: 3/19 MP: 2/10
   763 | D:3      | Found a white marble altar of Elyvilon.
   803 | D:4      | Noticed Menkaure
   803 | D:4      | Noticed an ogre
   845 | D:3      | Noticed Grinder
   866 | D:3      | Slain by an ogre

Vault maps used:
D:1:      grunt_arrival_lava_bath
D:2:      grunt_pakellas_sulfur, uniq_iyjb
D:3:      elyvilon_altar_1, uniq_grinder
D:4:      minmay_thick_lines, first_bread, uniq_menkaure, uniq_purgy,
          uniq_eustachio, uniq_duvessa, uniq_pikel

Action                   || total
-------------------------++-------
 Cast: Pain              ||    25
  Use: Scroll            ||     3
